 Dungeon Crawl Stone Soup version 0.16-a0-783-gf476f6a (webtiles) character file.

387 RobertPalmer the Basher (level 6, 0/53 HPs)
             Began as an Ogre Wizard on Sept 26, 2014.
             Killed by divine providence
             ... invoked by an orc priest
              (12 damage)
             ... on Level 4 of the Dungeon.
             The game lasted 00:13:53 (5745 turns).

RobertPalmer the Basher (Ogre Wizard)               Turns: 5745, Time: 00:13:53

HP   0/53        AC  3     Str 13      XL: 6   Next: 78%
MP   3/13        EV 10     Int 17      God:
Gold 194         SH  0     Dex 10      Spells:  4 memorised,  5 levels left

rFire  . . .     SeeInvis .     a - +0 giant spiked club
rCold  . . .     Clarity  .     g - +0 robe
rNeg   . . .     rCorr    .     (shield restricted)
rPois  .         rRot     .     u - +0 hat
rElec  .         Spirit   .     (no cloak)
SustAb .         Warding  .     (gloves unavailable)
rMut   .         Stasis   .     (boots unavailable)
Gourm  .                        (no amulet)
MR     .....                    (no ring)
                                e - ring of stealth

@: very slightly contaminated, repel missiles, not resistant to hostile
enchantments, unstealthy
A: unfitting armour, tough skin 1
a: no special abilities


You were on level 4 of the Dungeon.
You were near starving.

You visited 2 branches of the dungeon, and saw 5 of its levels.

You collected 194 gold pieces.


Innate Abilities, Weirdness & Mutations

You are too large for most types of armour.
You have tough skin (AC +1).


   Skills:
 - Level 0.1 Short Blades
 + Level 8.1 Maces & Flails
 - Level 2.5 Dodging
 - Level 1.5 Stealth
 - Level 3.6 Spellcasting
 - Level 0.7 Conjurations
 - Level 0.6 Summonings
 - Level 0.6 Translocations


You had 5 spell levels left.
You knew the following spells:

 Your Spells              Type           Power        Failure   Level  Hunger
b - Blink                 Tloc           N/A          21%         2    ##.....
d - Repel Missiles        Chrm/Air       #.....       30%         2    ##.....
x - Call Imp              Summ           #.......     21%         2    ##.....
z - Magic Dart            Conj           #...         14%         1    None

Inventory:

Hand weapons
 a - a +0 giant spiked club (weapon)
 b - a +2 dagger of electrocution
Missiles
 h - a stone (quivered)
 n - 15 poisoned needles
 x - a tomahawk
Armour
 g - a +0 robe (worn)
 u - a +0 hat (worn)
Comestibles
 d - 2 meat rations
 i - a royal jelly
 j - a slice of pizza
 t - a bread ration
 w - a beef jerky
Scrolls
 f - a scroll of identify {unknown}
 q - 2 scrolls of remove curse
Jewellery
 e - a ring of stealth (left hand)
 l - an uncursed ring of fire
Potions
 k - a potion of cure mutation {unknown}
 m - a potion of curing {unknown}
 o - a potion of degeneration {unknown}
 p - a potion of cancellation {unknown}
 r - a potion of brilliance {unknown}
 s - a potion of flight {unknown}
Books
 c - a book of Minor Magic
 v - a book of the Dragon

Dungeon Overview and Level Annotations

Branches:
Dungeon (4/15)             Temple (1/1) D:4

Altars:
Dithmenos
Fedhas
Gozag
Makhleb
Nemelex Xobeh
Qazlal
Vehumet
The Shining One

****,,,,,,* ##.....# ##..###
,,,,,,,*,.** #...#..## #..###.
,,,,,,**,..#####..###..####..##..
****,,,,..o.o.....# ##..##..##...
* ***,,.........## ##.........# *
**,.###.....# #.........# * **,,*
####..# ##....#.... * **,,,**
#..# ###...####... *
***,,,,,***##.@####........##..
***,,,,,.........................
,,,,,,,,,.#####..................
,,,,,,,,,** ##......<.....#####
,,,,,,,,** #...........##
,,,,,,,** ##...........## ##
,,,,,,,* #......###...###.
,,,,,,** ##....## ##......
,,,,,,,** *#.....#* ##...##


You could see an orc priest.


Message History

You hear some strange, mumbled words.
Something tries to affect you, but you resist.
Something hits you.
You closely miss something. Something hits you.
Unknown command.
Your white imp hits something.
Your white imp freezes something.
You feel protected from missiles.
You hear some strange, mumbled words.
The puff of flame misses you.
Unknown command.
The puff of flame hits something.
Something hits your crimson imp.
Something tries to affect you, but you resist.
An orc priest comes into view. It is wielding a flail.
The orc priest shouts!
The orc priest calls down the wrath of Beogh upon you.
Something smites you!
* * * LOW HITPOINT WARNING * * *
You are near starving!
An orc comes into view. It is wielding a falchion.
Drink which item? (? for menu, Esc to quit)
Okay, then.
The orc shouts!
The magic dart hits you!
* * * LOW HITPOINT WARNING * * *
The puff of flame misses you.
An orc comes into view. It is wielding a flail.
The orc priest mumbles some strange prayers to Beogh against you.
Something smites you!
You die...

Action                   |  1- 3 |  4- 6 || total
-------------------------+-------+-------++-------
Melee: Unarmed           |    11 |       ||    11
       Club              |    75 |       ||    75
       Dagger            |    79 |   214 ||   293
       Short sword       |       |    11 ||    11
       Giant spiked club |       |     9 ||     9
Throw: Stone             |       |     1 ||     1
       Tomahawk          |       |     1 ||     1
 Cast: Magic Dart        |    35 |       ||    35
       Call Imp          |       |    33 ||    33
       Repel Missiles    |       |     3 ||     3
  Use: Scroll            |     1 |     3 ||     4
       Potion            |     1 |       ||     1
 Stab: Sleeping          |     2 |     3 ||     5
       Confused          |     1 |       ||     1
  Eat: Chunk             |     4 |    10 ||    14
       Beef jerky        |       |     1 ||     1

Vault maps used:
D:1:      scummos_arrival_hexagon
D:2:      minmay_close_crescents, uniq_jessica
D:3:      lemuel_upstairs_altar, kennysheep_cross_bottleneck
D:4:      minmay_temple_entry_statues_pillars, first_bread
Temple:   circular_temple_pool_8

Notes
Turn   | Place    | Note
--------------------------------------------------------------
     0 | D:1      | RobertPalmer, the Ogre Wizard, began the quest for the Orb.
     0 | D:1      | Reached XP level 1. HP: 16/16 MP: 4/4
    94 | D:1      | Reached skill level 2 in Dodging
   515 | D:1      | Reached XP level 2. HP: 24/24 MP: 1/6
   932 | D:1      | Reached skill level 1 in Maces & Flails
  1405 | D:1      | Reached XP level 3. HP: 15/31 MP: 8/8
  1590 | D:1      | Reached skill level 2 in Maces & Flails
  1980 | D:1      | Learned a level 2 spell: Blink
  1983 | D:1      | Learned a level 2 spell: Repel Missiles
  1986 | D:1      | Learned a level 2 spell: Call Imp
  2210 | D:2      | Noticed Jessica
  2212 | D:2      | Killed Jessica
  2212 | D:2      | Reached skill level 3 in Maces & Flails
  2212 | D:2      | Reached XP level 4. HP: 39/39 MP: 10/10
  2231 | D:2      | Reached skill level 4 in Maces & Flails
  3210 | D:3      | Reached skill level 5 in Maces & Flails
  3210 | D:3      | Reached XP level 5. HP: 33/45 MP: 6/11
  3704 | D:3      | Reached skill level 6 in Maces & Flails
  4298 | D:3      | Reached XP level 6. HP: 48/53 MP: 5/13
  4318 | D:3      | Reached skill level 7 in Maces & Flails
  4872 | D:4      | Got an ancient short sword
  4889 | D:3      | Identified the +4 short sword of the Morning {venom, Dex-1 Int+2} (You found it on level 4 of the Dungeon)
  5282 | D:4      | Found a staircase to the Ecumenical Temple.
  5288 | Temple   | Entered the Ecumenical Temple
  5437 | D:4      | Reached skill level 8 in Maces & Flails
  5745 | D:4      | Killed from afar by an orc priest

Vanquished Creatures
  An ogre (D:4)
  2 orc priests (D:3)
  2 worker ants (D:4)
  Jessica (D:2)
  2 adders (D:3)
  2 worms (D:2)
  9 orcs (D:3)
  12 hobgoblins
  9 jackals
  12 kobolds
  2 quokkas
  12 bats
  4 giant cockroaches
  2 giant geckos
  7 giant newts
  10 goblins
  A hobgoblin skeleton (D:4)
  9 rats
99 creatures vanquished.

Vanquished Creatures (collateral kills)
  2 orc priests (D:3)
  3 adders
  8 orcs
  A bat (D:2)
  2 goblins (D:2)
  A kobold (D:2)
17 creatures vanquished.

Vanquished Creatures (others)
  A shadow imp (D:3)
1 creature vanquished.

Grand Total: 117 creatures vanquished
